 Dungeon Crawl Stone Soup version 0.26-a0-540-g8a0c9464d7 (webtiles) character file.

Game seed: 2396895226958831598

1108 vurker the Chopper (level 8, -4/64 HPs)
             Began as a Formicid Delver on Aug 24, 2020.
             Was a Priest of Makhleb.
             Slain by an orc warrior
             ... wielding a +0 dire flail
              (14 damage)
             ... on level 5 of the Dungeon.
             The game lasted 00:06:09 (4645 turns).

vurker the Chopper (Formicid Delver)                Turns: 4645, Time: 00:06:10

Health: -4/64      AC:  9    Str: 19    XL:     8   Next: 59%
Magic:  11/11      EV: 12    Int: 10    God:    Makhleb [***...]
Gold:   323        SH:  5    Dex: 12    Spells: 7/7 levels left

rFire    + . .     SeeInvis +   f - +0 broad axe
rCold    . . .     Faith    .   (no shield)
rNeg     . . .     Spirit   .   b - +0 leather armour
rPois    .         Reflect  +   (helmet unavailable)
rElec    .         Harm     .   (no cloak)
rCorr    .                      s - +0 pair of gloves
MR       .....                  i - +0 pair of boots
Stlth    +++.......             l - amulet of reflection
HPRegen  0.20/turn              w - ring of protection from fire
MPRegen  0.12/turn              (no ring)

@: no status effects
A: permanent stasis, dig shafts and tunnels, four strong arms, antennae 3, claws
1, talons 1, iridescent scales 1, slimy green scales 1
a: Dig, Shaft Self, Minor Destruction, Lesser Servant of Makhleb, Renounce
Religion


You were on level 5 of the Dungeon.
You worshipped Makhleb.
Makhleb was most pleased with you.
You visited 1 branch of the dungeon, and saw 7 of its levels.

You collected 323 gold pieces.

Inventory:

Hand Weapons
 f - a +0 broad axe (weapon)
   (You found it on level 4 of the Dungeon)
Armour
 b - a +0 leather armour (worn)
 i - a +0 pair of boots (worn)
   (You found it on level 1 of the Dungeon)
 s - a +0 pair of gloves (worn)
   (You found it on level 2 of the Dungeon)
Jewellery
 l - an amulet of reflection (around neck)
   (You found it on level 1 of the Dungeon)
 t - an uncursed ring of ice
   (You found it on level 2 of the Dungeon)
 w - a ring of protection from fire (left hand)
   (You found it on level 2 of the Dungeon)
Wands
 v - a wand of digging (3)
Scrolls
 c - 3 scrolls of fog
 d - 2 scrolls of magic mapping
 e - a scroll of fear
 g - 2 scrolls of amnesia {unknown}
 h - a scroll of enchant armour {unknown}
 j - a scroll of random uselessness {unknown}
 k - 3 scrolls of remove curse {unknown}
 m - a scroll of teleportation {unknown}
 p - 6 scrolls of blinking {unknown}
 x - 3 scrolls of enchant weapon {unknown}
Potions
 a - a potion of mutation
 o - a potion of stabbing {unknown}
 q - a potion of brilliance


   Skills:
 + Level 6.3 Fighting
 * Level 7.2 Axes
 - Level 1.7 Dodging
 - Level 6.0 Stealth
 + Level 4.9 Invocations


You had 7 spell levels left.
You didn't know any spells.
Your spell library contained the following spells:

 Spells                   Type           Power        Failure   Level
 Magic Dart               Conj           #...         41%         1
 Call Imp                 Summ           #.......     56%         2
 Slow                     Hex            #.......     56%         2
 Conjure Flame            Conj/Fire      #.......     80%         3
 Mephitic Cloud           Conj/Pois/Air  #.......     80%         3
 Blink                    Tloc           Unusable     N/A         2

Dungeon Overview and Level Annotations

Branches:
Dungeon (7/15)             Temple (0/1) D:4

Altars:
Elyvilon
Gozag
Makhleb
Nemelex Xobeh
Okawaru
Ru

Shops:
D:5 [


Innate Abilities, Weirdness & Mutations

You cannot be hasted, slowed, berserked, paralysed or teleported.
You can dig through walls and to a lower floor.
Your four strong arms can wield two-handed weapons with a shield.
You have a pair of large antennae on your head. (SInv)
You have sharp fingernails.
You have sharp toenails.
You are partially covered in iridescent scales. (AC +2)
You are partially covered in slimy green scales. (AC +2)


Message History

You can now summon a lesser servant of Makhleb.
Things that are here:
a +0 leather armour; an orc corpse An orc is nearby!
An orc is nearby!
An orc is nearby! 2 orcs come into view.
The orc shouts!
You hear an angry hiss.
An orc warrior comes into view. It is wielding a +0 dire flail.
An adder comes into view.
The orc barely misses you.
The orc warrior shouts!
The orc shouts! x2
You slash the orc!
You kill the orc!
Makhleb accepts your kill. The adder closely misses you.
Things that are here:
a +0 mace; an orc corpse You closely miss the orc warrior.
You slash the adder! The adder closely misses you.
An iguana comes into view.
The iguana hisses angrily.
You slash the adder!
You kill the adder!
Makhleb accepts your kill.
You hit the orc. You hit the orc warrior. The orc hits you with a +0 hand axe.
The orc warrior hits you with a +0 dire flail!!
The orc hits you with a +0 mace. The orc closely misses you.
You closely miss the orc. You barely miss the orc.
You hit the orc warrior but do no damage.
The orc warrior closely misses you. The orc hits you with a +0 hand axe.
The orc hits you with a +0 mace.
* * * LOW HITPOINT WARNING * * *
The orc warrior hits you with a +0 dire flail!!
* * * LOW HITPOINT WARNING * * *
The orc hits you but does no damage.
The iguana hisses menacingly.
You block the orc's attack.
Found a stone staircase leading up.
An orc wizard comes into view. It is wielding a +0 dagger.
The iguana hisses menacingly.
The iguana hisses menacingly.
There is a stone staircase leading up here.
The orc warrior hits you with a +0 dire flail.
* * * LOW HITPOINT WARNING * * *
You climb upwards.
There is a stone staircase leading down here.
You hit the orc warrior but do no damage.
The orc warrior hits you with a +0 dire flail!
You die...

..........#+#..........##..
..........+_+...##.....# .
..........#'#..###......#
................#.......#
................# ......+
+#.........#...#
#.........#...#
#.........##### #.......o@#
#.........# #.........#
#.........# #.........#
#.........# #....<....#
#.......### +.......#


You could see an orc warrior.

Vanquished Creatures
  A water moccasin (D:6)
  An ice beast (D:5)
  A centaur (D:3)
  A big kobold (D:5)
  2 bullfrogs (D:6)
  A scorpion (D:5)
  2 howler monkeys
  3 orc priests
  A bullfrog skeleton (D:6)
  A hound (D:4)
  3 orc wizards
  2 worker ants
  A hound zombie (D:3)
  A hound skeleton (D:4)
  10 adders
  2 ufetubi (D:5)
  2 worms
  4 leopard geckos
  14 orcs
  9 bats
  5 giant cockroaches
  8 goblins
  3 hobgoblins
  11 jackals
  4 quokkas
  A ball python (D:4)
  6 frilled lizards
  A giant cockroach zombie (D:5)
  6 kobolds
  A leopard gecko skeleton (D:4)
  8 rats
116 creatures vanquished.

Notes
Turn   | Place    | Note
-------+----------+-------------------------------------------
     0 | D:5      | vurker the Formicid Delver began the quest for the Orb.
     0 | D:5      | Reached XP level 1. HP: 18/18 MP: 1/1
    17 | D:5      | Found a burning altar of Makhleb.
    20 | D:5      | Became a worshipper of Makhleb the Destroyer
    45 | D:4      | Reached XP level 2. HP: 21/24 MP: 2/2
   272 | D:2      | Reached XP level 3. HP: 30/30 MP: 3/3
   306 | D:1      | Reached skill level 3 in Axes
   776 | D:1      | Reached * piety under Makhleb
   845 | D:1      | Reached XP level 4. HP: 37/37 MP: 4/4
   978 | D:2      | Found a faded altar of an unknown god.
  1222 | D:2      | Found a white marble altar of Elyvilon.
  1222 | D:2      | Found an iron altar of Okawaru.
  1223 | D:2      | Found a sparkling altar of Nemelex Xobeh.
  1223 | D:2      | Found a sacrificial altar of Ru.
  1574 | D:2      | Reached skill level 4 in Axes
  1574 | D:2      | Reached XP level 5. HP: 33/42 MP: 5/5
  1904 | D:2      | Found an opulent altar of Gozag.
  2075 | D:3      | Gained mutation: You have sharp toenails. [potion of
                  | mutation]
  2075 | D:3      | Gained mutation: You are partially covered in iridescent
                  | scales. (AC +2) [potion of mutation]
  2075 | D:3      | Gained mutation: You are partially covered in slimy green
                  | scales. (AC +2) [potion of mutation]
  2075 | D:3      | Gained mutation: You have sharp fingernails. [potion of
                  | mutation]
  2090 | D:3      | Reached skill level 1 in Invocations
  2122 | D:3      | Reached XP level 6. HP: 11/49 MP: 7/7
  2462 | D:3      | Reached ** piety under Makhleb
  2930 | D:3      | Reached skill level 5 in Fighting
  2930 | D:3      | Reached skill level 5 in Axes
  2997 | D:4      | Reached XP level 7. HP: 56/56 MP: 7/9
  3376 | D:4      | Got a smoking dagger
  3503 | D:4      | Found a staircase to the Ecumenical Temple.
  3654 | D:5      | Found Udoen's Armour Shop.
  3880 | D:5      | Reached skill level 6 in Axes
  3896 | D:5      | Reached XP level 8. HP: 53/64 MP: 10/10
  4050 | D:5      | You fall into a shaft and drop 2 floors!
  4378 | D:6      | Reached skill level 7 in Axes
  4426 | D:6      | Reached *** piety under Makhleb
  4645 | D:5      | Slain by an orc warrior

Illustrated notes

Levels and vault maps discovered:
D:1:      dpeg_arrival_round_b, layout_basic, skrybe_limestone_x
D:2:      minmay_general_purpose_star, layout_basic,
          chequers_temple_overflow_statue_of_worship, grunt_gozag_breadcrumbs,
          chequers_ecumenical_altar_simple
D:3:      layout_basic
D:4:      layout_cave_pools, minmay_temple_entry_antechambers
D:5:      layout_gridville, kennysheep_mini_moat,
          gammafunk_temple_overflow_elements, serial_shops, nicolae_shop_stone,
          dk_noncrumbling_2
D:6:      layout_basic, kb_xom_exploding_sheep
D:7:      lemuel_ice_statue, layout_rooms, uniq_harold, uniq_duvessa,
          uniq_crazy_yiuf_cottage, uniq_joseph, uniq_menkaure

Skill      XL: |  1  2  3  4  5  6  7  8 |
---------------+-------------------------+-----
Axes           | 3 4 5 6 7 |  7.2
Fighting       | 4 5 6 |  6.3
Invocations    | 2 3 4 |  4.9
Dodging        | |  1.7
Stealth        | |  6.0

Action                   |  1- 3 |  4- 6 |  7- 9 || total
-------------------------+-------+-------+-------++-------
Melee: Hand axe          |     9 |       |       ||     9
       Broad axe         |    75 |   139 |   112 ||   326
 Abil: Dig               |       |     2 |     3 ||     5
       Shaft Self        |       |       |     1 ||     1
  Use: Scroll            |       |     3 |     4 ||     7
       Potion            |       |     2 |     1 ||     3
 Stab: Sleeping          |    10 |    10 |     3 ||    23
Armor: Leather armour    |    31 |    68 |    47 ||   146
Dodge: Dodged            |    65 |   119 |    64 ||   248
Block: Other             |     2 |    45 |    32 ||    79

Table legend: (Time is in decaauts)
 A = Elapsed time spent in this place.
 B = Non-inter-level travel time spent in this place.
 C = Inter-level travel time spent in this place.
 D = Time resting spent in this place.
 E = Time spent auto-exploring this place.
 F = Levels seen in this place.
 G = Mean time per level.
                   A        B        C        D        E       F      G
               +--------+--------+--------+--------+--------+-----+--------+
         Total |   4767 |   4655 |    112 |    247 |   3395 |   7 |  681.0 |
       Dungeon |   4767 |   4655 |    112 |    247 |   3395 |   7 |  681.0 |
               +--------+--------+--------+--------+--------+-----+--------+

Top non-repeatable levels by time:
     D:2: 1190 daAuts
     D:3: 962 daAuts
     D:1: 811 daAuts
     D:4: 737 daAuts
     D:5: 462 daAuts
     D:6: 352 daAuts
     D:7: 251 daAuts
